 Dungeon Crawl Stone Soup version 0.31.0-9-g3a7656b989 (webtiles) character file.

Game seed: 12911869619993671252

110 Gottschkopf the Shield-Bearer (level 4, -7/41 HPs)
             Began as a Minotaur Fighter on Jan 26, 2024.
             Was a Believer of Lugonu.
             Mangled by an ogre
             ... wielding a +0 giant club
              (24 damage)
             ... on level 4 of the Dungeon.
             The game lasted 00:05:07 (1850 turns).

Gottschkopf the Shield-Bearer (Minotaur Fighter)    Turns: 1850, Time: 00:05:07

Health: -7/41      AC:  8    Str: 23    XL:     4   Next: 61%
Magic:  3/3        EV:  7    Int:  5    God:    Lugonu [**....]
Gold:   79         SH: 12    Dex:  9    Spells: 3/3 levels left

rFire   . . .        a - +0 flail
rCold   . . .        v - +0 tower shield
rNeg    . . .        b - +0 scale mail
rPois   .            (helmet restricted)
rElec   .            (no cloak)
rCorr   .            s - +0 pair of gloves
SInv    .            (no boots)
Will    +....        (no amulet) Stlth
                     j - ring of willpower
HPRegen 0.26/turn    k - +4 ring of slaying
MPRegen 0.08/turn

%: no passive effects
@: no status effects
A: horns 2, retaliatory headbutt
a: Renounce Religion, Depart the Abyss, Banish


You were on level 4 of the Dungeon.
You worshipped Lugonu.
Lugonu was pleased with you.
You visited 1 branch of the dungeon, and saw 4 of its levels.

You collected 79 gold pieces.

Inventory:

Hand Weapons
 a - a +0 flail (weapon)
Missiles
 t - 6 javelins (quivered)
Armour
 b - a +0 scale mail (worn)
 c - a +0 buckler
 s - a +0 pair of gloves (worn)
 v - a +0 tower shield (worn)
Magical Staves
 f - a staff of earth
Jewellery
 g - a ring of fire
 j - a ring of willpower (left hand)
 k - a +4 ring of slaying (right hand)
Wands
 m - a wand of polymorph (8)
Scrolls
 e - 2 scrolls of noise {unknown}
 h - 2 scrolls of teleportation {unknown}
 r - a scroll of acquirement {unknown}
 u - a scroll of torment {unknown}
Potions
 d - 3 potions of might
 i - 2 potions of curing
 l - 2 potions of attraction
 n - a potion of heal wounds {unknown}
 o - a potion of enlightenment
 p - a potion of haste
 q - a potion of degeneration {unknown}


   Skills:
 + Level 4.5 Fighting
 - Level 2.4 Maces & Flails
 + Level 4.5 Armour
 - Level 2.0 Dodging
 + Level 4.5 Shields


You had 3 spell levels left.
You didn't know any spells.
Your spell library contained the following spells:

 Spells                   Type           Power      Damage    Failure   Level
 Ensorcelled Hibernation  Hex/Ice        0%         N/A       100%        2
 Fugue of the Fallen      Necr           0%         N/A       100%        3
 Summon Ice Beast         Ice/Summ       0%         N/A       100%        3
 Anguish                  Hex/Necr       0%         N/A       100%        4
 Summon Mana Viper        Hex/Summ       0%         N/A       100%        5
 Monstrous Menagerie      Summ           0%         N/A       100%        7


Dungeon Overview and Level Annotations

Branches:
Dungeon (4/15)
 Temple: D:4-7

Altars:
Dithmenos
Sif Muna
Lugonu


Innate Abilities, Weirdness & Mutations

You have a pair of horns on your head.
You reflexively headbutt those who attack you in melee.


Message History

There is an escape hatch in the floor here.
You open the door.
There is an open door here.
As you open the door, it creaks loudly!
Done exploring.
There is a stone staircase leading down here.
You climb downwards.
There is a stone staircase leading up here.
The ball python closely misses you. The ball python grabs you.
The ball python constricts you.
You closely miss the ball python.
The ball python bites you but does no damage.
The ball python constricts you. You block the ball python's attack.
The ball python constricts you.
You barely miss the ball python. You headbutt the ball python.
You kill the ball python!
Lugonu accepts your kill.
No target in view!
HP restored.
Found a scale mail.
Found a stone staircase leading down.
Found a shadowy altar of Dithmenos.
An ogre comes into view. It is wielding a +0 giant club.
The ogre shouts!
Found a potion of might.
You hit the ogre.
The ogre is moderately wounded.
The ogre hits you with a +0 giant club!!
Ouch! That really hurt!
You hit the ogre. You headbutt the ogre!
The ogre is heavily wounded.
You block the ogre's attack.
You barely miss the ogre.
The ogre is heavily wounded.
You block the ogre's attack.
You barely miss the ogre.
The ogre is heavily wounded.
The ogre hits you with a +0 giant club!!
Ouch! That really hurt!
You die...

###. .!..# ...
....#
###..##....##
........!..# .
#.........
..####.....=.#
..>..........###.
...#..#..@O......
.........##......
.........## #....
.###......# #..
##.##...#........
#._.#.#.###.#...
......#.....[...
..... #.###.....
#...###.# ...


You could see an ogre.

Vanquished Creatures
  Terence (D:2)
  2 adders
  A dart slug (D:2)
  A ribbon worm (D:3)
  12 orcs (D:3)
  2 endoplasms
  2 giant cockroaches (D:2)
  5 goblins
  3 hobgoblins (D:2)
  4 kobolds
  2 quokkas (D:2)
  5 ball pythons
  3 bats
  A frilled lizard (D:3)
  5 rats
49 creatures vanquished.

Notes
Turn   | Place    | Note
-------+----------+-------------------------------------------
     0 | D:1      | Gottschkopf the Minotaur Fighter began the quest for the
                  | Orb.
     0 | D:1      | Reached XP level 1. HP: 19/19 MP: 0/0
   653 | D:2      | Reached XP level 2. HP: 27/27 MP: 1/1
   669 | D:2      | Noticed Terence
   678 | D:2      | Killed Terence
   679 | D:2      | Reached skill level 1 in Dodging
   679 | D:2      | Reached XP level 3. HP: 25/33 MP: 2/2
   887 | D:2      | Found a faded altar of an unknown god.
   899 | D:2      | Prayed at the altar of an unknown god.
   899 | D:2      | Became a worshipper of Lugonu the Unformed
   899 | D:2      | Reached * piety under Lugonu
   975 | D:2      | Identified the +0 robe "Cockel" {Int+3}
  1344 | D:3      | Reached XP level 4. HP: 41/41 MP: 3/3
  1387 | D:3      | Reached ** piety under Lugonu
  1773 | D:3      | Found a shimmering blue altar of Sif Muna.
  1841 | D:4      | Found a shadowy altar of Dithmenos.
  1845 | D:4      | Noticed an ogre
  1850 | D:4      | Mangled by an ogre

Illustrated notes

Levels and vault maps discovered:
D:1:      dpeg_arrival_shelter, layout_loops_cross, hangedman_decor_push
D:2:      layout_loops_cross, ebering_ecumenical_altar_petrified,
          chequers_serial_rivers_micro_d, kennysheep_generic_room_8,
          uniq_terence
D:3:      layout_basic, mainiacjoe_overflow_alcove_4
D:4:      layout_basic, nicolae_vehumet_radiance, nzn_hepliaklqana_mist_gate,
          nicolae_dithmenos_through_a_glass_darkly, grunt_decor_arrowhead,
          minmay_mini_ossuary

Skill      XL: |  1  2  3  4 |
---------------+-------------+-----
Fighting       | 4 |  4.5
Armour         | 4 |  4.5
Dodging        | 1 2 |  2.0
Shields        | 4 |  4.5
Maces & Flails | |  2.4

Action                     |  1- 3 |  4- 6 || total
---------------------------+-------+-------++-------
  Melee: Flail             |    41 |    44 ||    85
         Headbutt          |     4 |     6 ||    10
    Use: Scroll            |       |     4 ||     4
 Armour: Scale mail        |    27 |    26 ||    53
  Dodge: Dodged            |    18 |    11 ||    29
  Block: Buckler           |     8 |     4 ||    12
         Tower shield      |       |     8 ||     8
